 Dungeon Crawl Stone Soup version 0.28-a0-794-gafe8c5f9e9 (webtiles) character file.

Game seed: 212431604264486810

1915 mathmaestro the Ruffian (level 8, -3/79 HPs)
             Began as a Troll Monk on Nov 5, 2021.
             Engulfed by a steam dragon's steam (9 damage)
             ... on level 6 of the Dungeon.
             The game lasted 00:06:26 (3337 turns).

mathmaestro the Ruffian (Troll Monk)                Turns: 3337, Time: 00:06:27

Health: -3/79      AC:  7    Str: 22    XL:     8   Next: 95%
Magic:  7/7        EV:  9    Int:  6    God:
Gold:   237        SH:  8    Dex: 12    Spells: 7/7 levels left

rFire   . . .      SeeInvis .     - Unarmed
rCold   + . .      Faith    .   o - +0 kite shield
rNeg    . . .      Spirit   .   s - +2 robe {rC+}
rPois   .          Reflect  .   (helmet restricted)
rElec   .          Harm     .   h - +0 cloak
rCorr   .          Rampage  .   (gloves unavailable)
Will    .....                   (boots unavailable)
Stlth   ++........              (no amulet)
HPRegen 1.23/turn               (no ring)
MPRegen 0.10/turn               (no ring)

@: lethally poisoned (-3 -> -4)
A: large, unfitting armour, claws 3, regeneration 1, shaggy fur 1, tough skin 1
a: no special abilities


You were on level 6 of the Dungeon.
You visited 1 branch of the dungeon, and saw 6 of its levels.

You collected 237 gold pieces.

Inventory:

Missiles
 e - 91 sling bullets
 f - 143 stones
 g - 45 arrows
 i - a throwing net (quivered)
 k - 39 poisoned darts
 t - 18 bolts
Armour
 h - a +0 cloak (worn)
 o - a +0 kite shield (worn)
 s - a +2 robe of cold resistance (worn)
Scrolls
 b - a scroll of teleportation
Potions
 c - 3 potions of haste
 d - 2 potions of curing
 n - a potion of resistance
 u - a potion of lignification
 v - a potion of flight


   Skills:
 + Level 4.6 Fighting
 + Level 3.6 Throwing
 + Level 3.3 Armour
 + Level 4.8 Dodging
 - Level 1.0 Stealth
 * Level 4.0 Shields
 + Level 5.6 Unarmed Combat


You had 7 spell levels left.
You didn't know any spells.
Your spell library contained the following spells:

 Spells                   Type           Power      Damage    Failure   Level
 Animate Skeleton         Necr           0%         N/A       82%         1
 Magic Dart               Conj           0%         1d3       82%         1
 Pain                     Necr           0%         1d4       82%         1
 Call Imp                 Summ           0%         N/A       91%         2
 Ensorcelled Hibernation  Hex/Ice        0%         N/A       91%         2
 Mephitic Cloud           Conj/Pois/Air  0%         N/A       99%         3
 Tukima's Dance           Hex            0%         N/A       99%         3
 Vampiric Draining        Necr           0%         2d6       99%         3


Dungeon Overview and Level Annotations

Branches:
Dungeon (6/15)
 Temple: D:4-7

Altars:
Uskayaw

Shops:
D:2 =

Annotations:
D:3 2 transporters, ryw's ghost, amateur TrCA


Innate Abilities, Weirdness & Mutations

You are too large for most types of armour.
You have claws for hands.
Your natural rate of healing is unusually fast.
You are covered in fur. (AC +1)
You have tough skin. (AC +1)


Message History

You block the scorpion's attack.
You closely miss the scorpion.
The scorpion is almost dead.
You feel very sick. The steam dragon barely misses you.
The steam dragon closely misses you. The scorpion stings you.
You scratch the scorpion.
You kill the scorpion!
You feel very sick.
The steam dragon bites you but does no damage.
The steam dragon claws you.
You claw the steam dragon!
The steam dragon is severely wounded.
You feel sick. The steam dragon bites you. You block the steam dragon's attack.
The steam dragon bites you. You block the steam dragon's attack.
You barely miss the steam dragon.
The steam dragon is severely wounded.
You feel sick. The steam dragon barely misses you. The steam dragon claws you.
You scratch the steam dragon.
The steam dragon is almost dead.
You feel sick. The steam dragon bites you! You block the steam dragon's attack.
You scratch the steam dragon.
The steam dragon is almost dead.
You feel sick. The steam dragon breathes steam at you.
The ball of steam hits you.
* * * LOW HITPOINT WARNING * * *
You barely miss the steam dragon.
The steam dragon is almost dead.
You are engulfed in a cloud of scalding steam.
You feel sick. The steam dragon closely misses you.
The steam dragon barely misses you.
You feel sick. The steam dragon breathes steam at you.
The ball of steam hits you!
* * * LOW HITPOINT WARNING * * *
You completely miss the steam dragon.
The steam dragon is almost dead.
You are engulfed in a cloud of scalding steam.
You die...

#.##.#<######..
#.#....#
#......#
###...## ##.##
#§# #§# ##§##
#.D@# #.....#
#.......#
#.........#
+.........+
#.........#
##.......##
##.....##


You could see a steam dragon.

Vanquished Creatures
  Pikel (D:5)
  Pargi (D:4)
  A sky beast (D:5)
  A black bear (D:5)
  2 ogres
  The ghost of Foxy the Gusty, an amateur DgAE (D:5)
  A phantom (D:5)
  A lemure (D:5)
  Blork the orc (D:3)
  5 scorpions
  A wyvern zombie (D:5)
  A water moccasin skeleton (D:5)
  2 orc priests (D:4)
  4 hounds (D:5)
  A scorpion zombie (D:5)
  A centaur skeleton (D:5)
  2 iguanas (D:5)
  A killer bee zombie (D:5)
  A hound skeleton (D:4)
  A white imp (D:6)
  3 worms (D:2)
  5 dart slugs
  11 orcs
  4 bats
  6 endoplasms
  4 giant cockroaches
  4 hobgoblins
  5 jackals
  4 quokkas
  6 ball pythons
  A frilled lizard (D:2)
  5 kobolds
  5 rats
93 creatures vanquished.

Vanquished Creatures (others)
  A plant (D:4)
1 creature vanquished.

Grand Total: 94 creatures vanquished

Notes
Turn   | Place    | Note
-------+----------+-------------------------------------------
     0 | D:1      | mathmaestro the Troll Monk began the quest for the Orb.
     0 | D:1      | Reached XP level 1. HP: 22/22 MP: 0/0
   102 | D:1      | Reached XP level 2. HP: 29/29 MP: 1/1
   493 | D:2      | Reached XP level 3. HP: 36/36 MP: 2/2
   593 | D:2      | Found Ycvaog's Jewellery Boutique.
  1289 | D:3      | Found a transporter.
  1291 | D:3      | Noticed a necrophage
  1311 | D:3      | Noticed ryw's ghost (amateur TrCA)
  1399 | D:3      | Reached XP level 4. HP: 45/45 MP: 3/3
  1447 | D:3      | Found a transporter.
  1522 | D:4      | Noticed a scorpion
  1535 | D:4      | Killed a scorpion
  1581 | D:4      | Reached XP level 5. HP: 53/53 MP: 4/4
  1587 | D:4      | Noticed an ogre
  1608 | D:4      | Killed an ogre
  1609 | D:4      | Reached skill level 1 in Throwing
  1609 | D:4      | Reached skill level 1 in Armour
  1609 | D:4      | Reached skill level 4 in Unarmed Combat
  1651 | D:4      | Noticed Pargi
  1657 | D:4      | Noticed Blork the orc
  1679 | D:3      | Killed Blork the orc
  1680 | D:3      | Reached XP level 6. HP: 18/61 MP: 5/5
  2006 | D:4      | Killed Pargi
  2007 | D:4      | Reached skill level 1 in Shields
  2007 | D:4      | Reached XP level 7. HP: 68/68 MP: 6/6
  2079 | D:4      | Found a hide-covered altar of Uskayaw.
  2119 | D:5      | Entered Level 5 of the Dungeon
  2247 | D:5      | Noticed Pikel
  2271 | D:5      | Killed Pikel
  2272 | D:5      | Reached skill level 5 in Unarmed Combat
  2272 | D:5      | Reached XP level 8. HP: 49/78 MP: 7/7
  2804 | D:5      | Found a runed translucent gate.
  2805 | D:5      | Found a runed translucent gate.
  2805 | D:5      | Found a runed translucent gate.
  2811 | D:5      | Noticed Foxy's ghost (amateur DgAE)
  3169 | D:5      | Killed Foxy's ghost
  3337 | D:6      | Engulfed by a steam dragon's steam

Illustrated notes

Levels and vault maps discovered:
D:1:      wander_arrival_peaceful_grave, layout_rooms
D:2:      layout_loops_corners, serial_shops, nicolae_shop_waterfront,
          amcnicky_mini_corridor_feature
D:3:      layout_rooms, gammafunk_ghost_mausoleum
D:4:      layout_cave_pools, nicolae_uskayaw_suspiria, serial_bayou_pond_a,
          uniq_pargi, uniq_blork_the_orc
D:5:      layout_loops_corners, gammafunk_ghost_necromancy,
          kennysheep_crisscross, uniq_pikel
D:6:      layout_loops_corners, nicolae_overflow_crystal_walls, temple_hall,
          serial_shops, shop, ebering_dispersal_statue_hall, uniq_grinder,
          uniq_eustachio

Skill      XL: |  1  2  3  4  5  6  7  8 |
---------------+-------------------------+-----
Dodging        | 3 4 |  4.8
Fighting       | 3 4 |  4.6
Throwing       | 1 2 3 |  3.6
Armour         | 1 2 3 |  3.3
Unarmed Combat | 4 5 |  5.6
Shields        | 1 2 4 |  4.0
Stealth        | |  1.0

Action                   |  1- 3 |  4- 6 |  7- 9 || total
-------------------------+-------+-------+-------++-------
Melee: Unarmed           |   134 |    64 |   149 ||   347
       Punch             |       |     2 |     1 ||     3
Throw: Dart              |       |     4 |       ||     4
       Throwing net      |       |     1 |       ||     1
  Use: Scroll            |       |       |    12 ||    12
 Stab: Sleeping          |     2 |       |     3 ||     5
       Distracted        |     1 |       |       ||     1
Armor: Robe              |    43 |    12 |    44 ||    99
Dodge: Dodged            |    55 |    27 |    62 ||   144
Block: Kite shield       |       |       |    38 ||    38

Table legend: (Time is in decaauts)
 A = Elapsed time spent in this place.
 B = Non-inter-level travel time spent in this place.
 C = Inter-level travel time spent in this place.
 D = Time resting spent in this place.
 E = Time spent auto-exploring this place.
 F = Levels seen in this place.
 G = Mean time per level.
                   A        B        C        D        E       F      G
               +--------+--------+--------+--------+--------+-----+--------+
         Total |   3329 |   3168 |    161 |    124 |   2284 |   6 |  554.8 |
       Dungeon |   3329 |   3168 |    161 |    124 |   2284 |   6 |  554.8 |
               +--------+--------+--------+--------+--------+-----+--------+

Top non-repeatable levels by time:
     D:5: 1157 daAuts
     D:2: 772 daAuts
     D:4: 605 daAuts
     D:3: 393 daAuts
     D:1: 333 daAuts
     D:6: 67 daAuts
